 Dungeon Crawl Stone Soup version 0.29-a0-284-gf9362112df (webtiles) character file.

Game seed: 12733156906265903763

35 spaghetti the Skirmisher (level 3, 1/30 HPs)
             Began as a Demonspawn Berserker on Mar 24, 2022.
             Was a Follower of Trog.
             Quit the game on level 2 of the Dungeon.
             The game lasted 00:01:29 (1121 turns).

spaghetti the Skirmisher (Demonspawn Berserker)     Turns: 1121, Time: 00:01:29

Health: 1/30       AC:  2    Str: 19    XL:     3   Next: 16%
Magic:  3/3        EV: 12    Int:  8    God:    Trog [*.....]
Gold:   12         SH:  0    Dex: 12    Spells: 2/2 levels left

rFire   . . .      SeeInvis .   a - +0 mace {mace}
rCold   . . .      Faith    .   (no shield)
rNeg    . . .      Spirit   .   b - +0 animal skin
rPois   .          Reflect  .   (no helmet)
rElec   .          Harm     .   (no cloak)
rCorr   .          Rampage  .   (no gloves)
Will    +....                   (no boots)
Stlth   +.........              (no amulet)
HPRegen 0.10/turn               g - ring of willpower
MPRegen 0.08/turn               (no ring)

@: lethally poisoned (1 -> -3)
A: demonic guardian 1, demonic touch 1
a: Renounce Religion, Berserk


You were on level 2 of the Dungeon.
You worshipped Trog.
Trog was aware of your devotion.
You visited 1 branch of the dungeon, and saw 2 of its levels.

You collected 12 gold pieces.


Innate Abilities, Weirdness & Mutations

A weak demonic guardian rushes to your aid.
Your touch may inflict minor irresistible damage on your foes.


   Skills:
 + Level 4.0 Fighting
 - Level 2.6 Maces & Flails
 + Level 2.2 Armour
 - Level 1.7 Dodging


You had 2 spell levels left.
You didn't know any spells.
Your spell library contained the following spells:

 Spells                   Type           Power      Damage    Failure   Level
 Magic Dart               Conj           0%         1d3       41%         1
 Searing Ray              Conj           0%         2d4       54%         2
 Fulminant Prism          Conj/Hex       0%         3d6       99%         4

Inventory:

Hand Weapons
 a - a +0 mace (weapon) {mace}
Missiles
 j - 28 stones (quivered) {throwing}
 l - 5 atropa-tipped darts {throwing}
Armour
 b - a +0 animal skin (worn)
Jewellery
 g - a ring of willpower (left hand)
   (You found it on level 1 of the Dungeon)
Scrolls
 c - 3 scrolls of summoning {unknown}
 e - a scroll of teleportation {unknown}
 f - a scroll of magic mapping {unknown}
 i - a scroll of identify {unknown}
 k - a scroll of fog {unknown}

Dungeon Overview and Level Annotations

Branches:
Dungeon (2/15)

Altars:

#.# ### #.# ...
#<###.# #..>..#
. ####.####....
#............
#.##.####.... #
#.# . #@#
#...:.5....#
..............#
###..##.#.....#
#.. #.......#
#. ##....... #
. ....# .##..##


You could see a friendly shadow imp (summoned).


Message History

You closely miss the kobold.
The kobold hits you with a +0 dagger. 😕 HP[-2]
You take 2 damage, and now have 20/25 hp.
You hit the kobold.
You kill the kobold!
Trog accepts your kill. 😕 HP[+1]
Found a stone staircase leading down.
j - 28 stones {throwing} (gained 3)
You see here a +0 dagger {short}.
l - 5 atropa-tipped darts {throwing} 😎 HP[+4]
Your hp is fully restored (25).
There is a stone staircase leading down here.
Things that are here:
a +0 whip {mace}; a kobold corpse
c - 3 scrolls labelled SELIH HUB UTH (gained 1)
You now have 12 gold pieces (gained 6).
You see here a +0 club {mace}.
You see here a +0 dagger {short}.
Done exploring.
(D) Dungeon
Where to? (? - help)
There is a stone staircase leading down here.
You climb downwards.
Found a stone staircase leading down.
There is a stone staircase leading up here.
There is a stone staircase leading down here.
Key pressed, stopping explore.
An adder comes into view.
The adder closely misses you.
You sock the adder! The adder bites you.
You are poisoned.
The adder poisons you! 😕 HP[-4]
You take 4 damage, and now have 21/25 hp.
You barely miss the adder.
You feel sick. The adder closely misses you. The adder bites you. 😮 HP[-4]
You take 4 damage, and now have 17/25 hp.
You closely miss the adder.
You feel sick. The adder misses you. The adder barely misses you. 😮 HP[-2]
You take 2 damage, and now have 15/25 hp.
You closely miss the adder.
You feel sick. The adder closely misses you. 😮 HP[-1]
You take 1 damage, and now have 14/25 hp.
You hit the adder but do no damage.
You feel sick. The adder closely misses you.
The adder barely misses you. 😮 HP[-1]
You take 1 damage, and now have 13/25 hp.
You barely miss the adder.
You feel sick.
You are no longer poisoned.
The adder barely misses you. The adder bites you.
* * * LOW HITPOINT WARNING * * *
You are poisoned.
The adder poisons you! 😨 HP[-4]
You take 4 damage, and now have 9/25 hp.
You fail to use your ability.
You feel sick. The adder bites you.
* * * LOW HITPOINT WARNING * * *
A demonic guardian appears!
You are more poisoned.
The adder poisons you! 😱 HP[-5]
You take 5 damage, and now have 4/25 hp.
It was a potion of lignification.
You turn into a tree.
Your +0 animal skin melds into your body.
Your roots penetrate the ground.
* * * LOW HITPOINT WARNING * * *
You feel sick.
The adder bites you but does no damage. 😱 HP[+1]
You now have 37 max hp (+12).
You hit the adder.
You kill the adder!
Trog accepts your kill.
* * * LOW HITPOINT WARNING * * *
You feel sick.
Your Fighting skill increases to level 4!
You have reached level 3!
Your experience leads to an increase in your attributes!
Increase (S)trength, (I)ntelligence, or (D)exterity?
You feel stronger. x2; Your demonic ancestry asserts itself...
Your hands begin to faintly glow with unholy energy. 😱 HP[-2] MP[+1]
You now have 45 max hp (+8).
Your mp is fully restored (3).
You are lethally poisoned (3 -> -2).
You are a tree.
Your movement speed is average.
Your attack delay is about 1.2.
It was a potion of cancellation.
Your magical effects are unravelling.
You feel magically purged.
You feel less wooden.
Your +0 animal skin unmelds from your body.
* * * LOW HITPOINT WARNING * * *
You feel sick. 😱 HP[-2]
You now have 30 max hp (-15).
There is a lethal amount of poison in your body!
Are you sure you want to abandon this character and quit the game? (Confirm with "yes".)

Skill      XL: |  1  2 |
---------------+-------+-----
Armour         | 2 |  2.2
Fighting       | 4 |  4.0
Maces & Flails | |  2.6
Dodging        | |  1.7

Action                   || total
-------------------------++-------
Melee: Mace              ||    52
Invok: Berserk           ||     2
  Use: Potion            ||     2
Armor: Animal skin       ||     9
       Skin              ||     1
Dodge: Dodged            ||    34

Levels and vault maps discovered:
D:1:      zaba_arrival_water, layout_rooms, kennysheep_boxes
D:2:      layout_loops_ring

Notes
Turn   | Place    | Note
-------+----------+-------------------------------------------
     0 | D:1      | spaghetti the Demonspawn Berserker began the quest for the
                  | Orb.
     0 | D:1      | Reached XP level 1. HP: 18/18 MP: 1/1
     0 | D:1      | magus.rc [v1.9.6]
    93 | D:1      | You pick up a book of Conjurations {forbidden@e2} and begin
                  | reading...
    93 | D:1      | You add the spells Magic Dart, Searing Ray and Fulminant
                  | Prism to your library.
   123 | D:1      | Gained mutation: A weak demonic guardian rushes to your
                  | aid. [demonic ancestry]
   123 | D:1      | Reached XP level 2. HP: 11/24 MP: 2/2
   546 | D:1      | Reached skill level 2 in Armour
  1117 | D:2      | HP: 4/25 [adder (3)]
  1120 | D:2      | Reached skill level 4 in Fighting
  1120 | D:2      | Gained mutation: Your touch may inflict minor irresistible
                  | damage on your foes. [demonic ancestry]
  1120 | D:2      | Reached XP level 3. HP: 3/30 MP: 3/3
  1120 | D:2      | HP: 1/30 [poisoned by an adder]
  1121 | D:2      | Quit the game

Vanquished Creatures
  An adder (D:2)
  2 dart slugs (D:1)
  4 endoplasms (D:1)
  2 goblins (D:1)
  2 hobgoblins (D:1)
  A quokka (D:1)
  2 ball pythons (D:1)
  A bat (D:1)
  5 kobolds (D:1)
20 creatures vanquished.

Vanquished Creatures (collateral kills)
  A ball python (D:1)
  A bat (D:1)
2 creatures vanquished.

Grand Total: 22 creatures vanquished

Table legend:
 A = Non-vault XP
 B = Vault XP
 C = Vault XP percentage of total XP
 D = Non-vault monster count
 E = Vault monster count
 F = Vault count percentage of total count
                 A         B        C        D         E       F
            +---------+---------+-------+---------+---------+-------
      Total |      50 |       0 |   0.0 |      22 |       0 |   0.0
            +---------+---------+-------+---------+---------+-------
        D:1 |      37 |       0 |   0.0 |      21 |       0 |   0.0
        D:2 |      13 |       0 |   0.0 |       1 |       0 |   0.0
            +---------+---------+-------+---------+---------+-------

Illustrated notes

Table legend:
 A = Kills in this place as a percentage of kills in entire the game.
 B = Kills by you in this place as a percentage of kills by you in the entire game.
 C = Kills by friends in this place as a percentage of kills by friends in the entire game.
 D = Other kills in this place as a percentage of other kills in the entire game.
 E = Experience gained in this place as a percentage of experience gained in the entire game.
 F = Experience gained in this place divided by the number of levels of this place that you have seen.
                   A       B       C       D       E      F
               +-------+-------+-------+-------+-------+----------------------
         Total | 100.0 | 100.0 | 100.0 |   N/A | 100.0 |  25.0
       Dungeon | 100.0 | 100.0 | 100.0 |   N/A | 100.0 |  25.0
               +-------+-------+-------+-------+-------+----------------------

Table legend: (Time is in decaauts)
 A = Elapsed time spent in this place.
 B = Non-inter-level travel time spent in this place.
 C = Inter-level travel time spent in this place.
 D = Time resting spent in this place.
 E = Time spent auto-exploring this place.
 F = Levels seen in this place.
 G = Mean time per level.
                   A        B        C        D        E       F      G
               +--------+--------+--------+--------+--------+-----+--------+
         Total |   1166 |   1139 |     27 |    324 |    666 |   2 |  583.0 |
       Dungeon |   1166 |   1139 |     27 |    324 |    666 |   2 |  583.0 |
               +--------+--------+--------+--------+--------+-----+--------+

Top non-repeatable levels by time:
     D:1: 1146 daAuts
     D:2: 20 daAuts
